 Dungeon Crawl Stone Soup version 0.32-a0-834-geaf45d8e21 (webtiles) character file.

Game seed: 4741090752658714706

23 mopl the Slasher (level 3, -1/29 HPs)
             Began as a Merfolk Fighter on Mar 25, 2024.
             Slain by a hobgoblin (4 damage)
             ... on level 1 of the Dungeon.
             The game lasted 00:00:58 (978 turns).

mopl the Slasher (Merfolk Fighter)                   Turns: 978, Time: 00:00:58

Health: -1/29      AC:  8    Str: 18    XL:     3   Next: 0%
Magic:  3/3        EV:  6    Int:  7    God:
Gold:   38         SH:  4    Dex: 13    Spells: 2/2 levels left

rFire   . . .        a - +0 long sword
rCold   . . .        c - +0 buckler
rNeg    . . .        i - +0 chain mail
rPois   .            (no helmet)
rElec   .            (no cloak)
rCorr   .            (no gloves)
SInv    .            (no boots)
Will    .....        (no amulet) Stlth
                     (no ring)
HPRegen 0.24/turn    (no ring)
MPRegen 0.08/turn

%: no passive effects
@: no status effects
A: (nimble swimmer 2), mertail
a: no special abilities


You were on level 1 of the Dungeon.
You visited 1 branch of the dungeon, and saw 2 of its levels.

You collected 38 gold pieces.

Inventory:

Hand Weapons
 a - a +0 long sword (weapon)
Armour
 c - a +0 buckler (worn)
 i - a +0 chain mail (worn)
Scrolls
 e - 3 scrolls of identify {unknown}
 f - a scroll of teleportation {unknown}
 h - a scroll of vulnerability {unknown}
Potions
 b - a potion of heal wounds {unknown}
 d - a potion of might
 g - a potion of invisibility {unknown}


   Skills:
 - Level 3.2 Fighting
 + Level 4.1 Long Blades
 - Level 2.1 Armour
 - Level 3.0 Shields


You had 2 spell levels left.
You didn't know any spells.
Your spell library contained the following spells:

 Spells                   Type           Power      Damage    Failure   Level
 Shock                    Conj/Air       0%         1d3       99%         1
 Swiftness                Air            0%         N/A       100%        3
 Airstrike                Air            0%         2d(0-16)  100%        4


Dungeon Overview and Level Annotations

Branches:
Dungeon (2/15)

Altars:

Annotations:
D:2 Robin


Innate Abilities, Weirdness & Mutations

((You are very nimble when in or above water. (Stealth+, EV+, Speed+++)))
Your lower body shifts to a powerful aquatic tail in water.


Message History

You closely miss the goblin. You block the goblin's attack.
You hit the goblin.
You kill the goblin!
You hit the goblin.
You kill the goblin!
There is a stone staircase leading up here.
Robin hits you with a +3 heavy mace.
You hit Robin.
Robin is lightly wounded.
Robin throws the goblin at you! The goblin hits you but does no damage.
You slash Robin!
Robin is severely wounded.
The goblin hits you but does no damage.
You hit Robin.
Robin is severely wounded.
Robin hits you with a +3 heavy mace!
Ouch! That really hurt!
You block the hobgoblin's attack. The goblin hits you with a +0 dagger.
You slash the goblin!
You kill the goblin!
Robin hits you with a +3 heavy mace!
* * * LOW HITPOINT WARNING * * *
The hobgoblin hits you but does no damage.
You have reached level 3!
Your experience leads to an increase in your attributes!
Increase (S)trength, (I)ntelligence, or (D)exterity?
You feel stronger. x2
The hobgoblin attacks as it pursues you!
The hobgoblin hits you but does no damage.
There is a stone staircase leading up here.
Things that are here:
a +0 dagger; a goblin corpse The hobgoblin hits you but does no damage.
Robin roars a battlecry!
The hobgoblin goes into a battle-frenzy!
You climb upwards.
There is a stone staircase leading down here.
You hit the hobgoblin but do no damage. You block the hobgoblin's attack.
You closely miss the hobgoblin. The hobgoblin hits you.
You die...

.......#......#.# #.#######.#
.......#......#.# #.#.......#
.......####...#.#####.#.#######
.......####.###.......#.#
............# #......##.#
..####......# #.####.##.### ..#
#......# #.# #......#
..####......###g###########
##.#.####.......@....# ##.#.#
#..##.#..###.# #.#.##
#.###.#..# #.#
###.#.###.##.....# #.#
..####....##..#.####.# ..#
#....##..#......#
..####........########
...........##.# .....###..###.#


You could see a hobgoblin (strong).

Vanquished Creatures
  2 endoplasms (D:1)
  A giant cockroach (D:1)
  6 goblins
  A hobgoblin (D:1)
  3 ball pythons (D:1)
  2 bats (D:1)
  3 frilled lizards (D:1)
  3 kobolds (D:1)
  A rat (D:1)
22 creatures vanquished.

Notes
Turn   | Place    | Note
-------+----------+-------------------------------------------
     0 | D:1      | mopl the Merfolk Fighter began the quest for the Orb.
     0 | D:1      | Reached XP level 1. HP: 18/18 MP: 1/1
   217 | D:1      | Reached skill level 3 in Long Blades
   283 | D:1      | Reached XP level 2. HP: 19/24 MP: 2/2
   954 | D:2      | Noticed Robin
   965 | D:2      | Reached skill level 4 in Long Blades
   973 | D:2      | HP: 1/24 [Robin/+3 heavy mace (7)]
   974 | D:2      | Reached XP level 3. HP: 1/29 MP: 3/3
   978 | D:1      | Slain by a hobgoblin

Illustrated notes

Levels and vault maps discovered:
D:1:      nagdon_arrival_double_spiral, layout_basic, minivault_24,
          minmay_surrounded
D:2:      layout_basic, uniq_robin, uniq_sigmund, uniq_crazy_yiuf_cottage

Skill      XL: |  1  2 |
---------------+-------+-----
Long Blades    | 3 4 |  4.1
Fighting       | |  3.2
Armour         | |  2.1
Shields        | |  3.0

Action                     || total
---------------------------++-------
  Melee: Long sword        ||    60
 Armour: Scale mail        ||    21
         Chain mail        ||    37
  Dodge: Dodged            ||    23
  Block: Buckler           ||    12

Table legend: (Time is in decaauts)
 A = Elapsed time spent in this place.
 B = Non-inter-level travel time spent in this place.
 C = Inter-level travel time spent in this place.
 D = Time resting spent in this place.
 E = Time spent auto-exploring this place.
 F = Levels seen in this place.
 G = Mean time per level.
                   A        B        C        D        E       F      G
               +--------+--------+--------+--------+--------+-----+--------+
         Total |    994 |    980 |     14 |     42 |    769 |   2 |  497.0 |
       Dungeon |    994 |    980 |     14 |     42 |    769 |   2 |  497.0 |
               +--------+--------+--------+--------+--------+-----+--------+

Top non-repeatable levels by time:
     D:1: 950 daAuts
     D:2: 44 daAuts
